 Dungeon Crawl Stone Soup version 0.21-a0-163-g3aa3f5d (webtiles) character file.

431026 TabTabO the Shatterer (level 22, -4/181 HPs)
             Began as a Demonspawn Gladiator on Aug 5, 2017.
             Was the Champion of Okawaru.
             Killed from afar by a Brimstone Fiend (41 damage)
             ... with damnation
             ... summoned by a deep elf demonologist
             ... on level 3 of the Elven Halls.
             The game lasted 02:21:44 (46659 turns).

TabTabO the Shatterer (Demonspawn Gladiator)       Turns: 46659, Time: 02:21:45

Health: -4/181     AC: 30    Str: 26    XL:     22   Next: 84%
Magic:  25/29      EV: 13    Int: 19    God:    Okawaru [******]
Gold:   3135       SH: 22    Dex: 20    Spells: 4/21 levels left

rFire    + + +     SeeInvis .   n - +9 demon whip (elec)
rCold    + + +     Gourm    .   H - +5 shield {AC+3}
rNeg     + + +     Faith    .   p - +4 plate armour {rC+}
rPois    +         Spirit   .   Y - +0 hat of True Grit {rElec Int+5}
rElec    +         Reflect  .   v - scarf {rC+ rF+}
rCorr    +         Harm     .   e - +2 pair of gloves {Str+3}
MR       ++...                  (boots unavailable)
Stlth    ..........             B - amulet of Layxzem {Regen+ Dex+4}
HPRegen  0.80/turn              z - ring "Orerex" {Ice rPois rN+ Str+4}
MPRegen  0.21/turn              J - ring "Faicor" {rCorr rF+ rC- rN+++ MR+}

@: about to teleport, resistant, finesse, hasted, very quick
A: hooves 3, slimy green scales 2, fire resistance 1, powered by death 3,
augmentation 1, flame cloud immunity
}: 2/15 runes: barnacled, gossamer
a: Heroism, Finesse, Renounce Religion


You were on level 3 of the Elven Halls.
You worshipped Okawaru.
Okawaru was exalted by your worship.
You were hungry.

You visited 9 branches of the dungeon, and saw 42 of its levels.
You also visited: Labyrinth, Trove, Ice Cave and Volcano.

You collected 5331 gold pieces.
You spent 2196 gold pieces at shops.

Inventory:

Hand Weapons
 g - a +7 eveningstar of crushing
 n - a +9 demon whip of electrocution (weapon)
 C - the +7 flail of Calamity {elec, rElec}
   (You found it on level 5 of the Dungeon)

   Occasionally, upon striking a foe, it will discharge some electrical energy
   and cause terrible harm.
   It insulates you from electricity.
Armour
 e - a +2 pair of gloves of strength (worn)
 p - a +4 plate armour of cold resistance (worn)
 s - +1 ice dragon scales
 v - a scarf of resistance (worn)
 x - a +0 large shield of protection
 H - a +5 shield of protection (worn)
 Y - the +0 hat of True Grit (worn) {rElec Int+5}
   (Okawaru gifted it to you on level 4 of the Shoals)

   It affects your intelligence (+5).
   It insulates you from electricity.
Jewellery
 z - the ring "Orerex" (left hand) {Ice rPois rN+ Str+4}
   (You found it on level 6 of the Lair of Beasts)

   [ring of ice]

   It enhances your ice magic.
   It affects your strength (+4).
   It makes you vulnerable to fire.
   It protects you from cold.
   It protects you from poison.
   It protects you from negative energy.
 B - the amulet of Layxzem (around neck) {Regen+ Dex+4}
   (You acquired it on level 3 of the Crypt)

   [amulet of regeneration]

   It affects your dexterity (+4).
   It increases your rate of regeneration.
 J - the ring "Faicor" (right hand) {rCorr rF+ rC- rN+++ MR+}
   (You found it in a treasure trove)

   [ring of resist corrosion]

   It protects you from fire.
   It makes you vulnerable to cold.
   It renders you almost immune to negative energy.
   It affects your resistance to hostile enchantments.
Wands
 t - a wand of lightning (12/15)
 u - a wand of clouds (3/9)
 G - a wand of lightning (10/15)
Scrolls
 a - 3 scrolls of magic mapping
 d - 2 scrolls of identify
 h - 6 scrolls of immolation
 i - 4 scrolls of fog
 k - 10 scrolls of recharging
 m - 15 scrolls of teleportation
 o - a scroll of summoning
 q - 6 scrolls of amnesia
 y - 12 scrolls of remove curse
 D - 3 scrolls of fear
 E - 3 scrolls of blinking
 F - a scroll of torment
Potions
 b - 3 potions of brilliance
 c - 5 potions of magic
 j - 2 potions of heal wounds
 r - 7 potions of mutation
 A - 4 potions of cancellation
 I - 12 potions of curing
 M - 4 potions of haste
 N - 4 potions of flight
 Q - 2 potions of berserk rage
 R - a potion of resistance
Miscellaneous
 O - a sack of spiders
 U - a phantom mirror
Comestibles
 f - 4 bread rations
 l - 35 meat rations
 w - 20 royal jellies
 Z - 33 fruits


   Skills:
 + Level 17.0 Fighting
   Level 7.3 Long Blades
   Level 2.9(14.9) Axes
 * Level 21.4(21.5) Maces & Flails
 - Level 1.8 Throwing
 + Level 14.1 Armour
 + Level 7.5 Dodging
 + Level 19.2 Shields
 - Level 9.4 Invocations


You had 4 spell levels left.
You knew the following spells:

 Your Spells              Type           Power        Failure   Level  Hunger
a - Tornado               Air            #.........   100%        9    #######
b - Controlled Blink      Tloc           N/A          100%        8    #######


Dungeon Overview and Level Annotations

Branches:
Dungeon (15/15)            Temple (1/1) D:6            Lair (6/6) D:9
 Shoals (4/4) Lair:4       Spider (4/4) Lair:2        Slime (0/5) Lair:6
    Orc (2/2) D:11            Elf (3/3) Orc:2        Vaults (4/5) D:13
  Crypt (3/3) Vaults:2       Tomb (0/3) Crypt:3      Depths (0/5) D:15

Altars:
Ashenzari
Cheibriados
Dithmenos
Elyvilon
Fedhas
Gozag
Hepliaklqana
Kikubaaqudgha
Makhleb
Nemelex Xobeh
Okawaru
Qazlal
Ru
Sif Muna
Trog
Uskayaw
Vehumet
Wu Jian
Xom
Yredelemnul
Zin
The Shining One
Jiyva
Lugonu

Shops:
D:7 :   D:11 =   D:15 [[*(   Orc:2 :(}:   Elf:2 (   Elf:3 (   Shoals:1 (
Vaults:3 [

Annotations:
Lair:1 exclusion: oklob plant


Innate Abilities, Weirdness & Mutations

You have hooves in place of feet.
You are mostly covered in slimy green scales. (AC +3)
Your flesh is heat resistant. (rF+)
You regenerate a lot of health from kills.
Your magical and physical power is slightly enhanced at high health.
You are immune to clouds of flame.


Message History

Unknown command.
Unknown command.
Unknown command.
Evoke which item? (* to show all) (? for menu, Esc to quit)
You don't have any such object.
Evoke which item? (* to show all) (? for menu, Esc to quit)
Okay, then.
You feel better.
The deep elf sorcerer is engulfed in blazing flames.
The deep elf blademaster is engulfed in blazing flames.
The deep elf elementalist is engulfed in blazing flames.
The deep elf elementalist casts a spell at the deep elf elementalist.
You hear rumbling.
The deep elf annihilator casts a spell.
The deep elf annihilator blinks!
The deep elf sorcerer casts a spell.
The deep elf sorcerer seems to speed up.
The Brimstone Fiend gestures at you.
The sphere of damnation explodes!
The damnation engulfs you!
You die...

,##......#.....'........,,,*,,,,,
##.......+.....#........,,,*,,,,,
#........#.....#........,,,+,,,,,
...#############.#######*********
...#*** #.# *** ...#*,*** #.#
***,* ...#*,,,*** #.# ***,,,*
...#*,,,,,*** #.# ***,,,,,*
'###*,*,,,,,***#@#***,,,,,*,*
...#*,***,,,,,*#1#*,,,,,***,*
...#*,,***#....eee4.....,*,,*
...#*,,,,,#...ee3e4..###,,,,*
...#*,,,,,##...Ee2...#,,,,,,*
...#*,,,,,,#.e§ee1ee...,,,,,*
...#*,,,,,§...§...e.....,,,,*
##'#*,,,,...............,,,,*
...#*,,,,.........§.....,,,,*


You could see a deep elf blademaster (inner flame), 2 Brimstone Fiends, a deep
elf master archer, a green death, 3 deep elf annihilators, 3 deep elf sorcerers,
3 deep elf elementalists, a deep elf demonologist (inner flame), an orange
demon, a deep elf high priest (inner flame), an earth elemental and a neqoxec.

Vanquished Creatures
  A curse toe (Crypt:3)
  Margery (Vaults:3)
  A large abomination (Vaults:2)
  Nikola (Elf:2)
  Jory (Vaults:3)
  A bone dragon (Crypt:3)
  An iron giant (shapeshifter) (Vaults:4)
  A lich (Crypt:3)
  Rupert (D:13)
  A deep elf blademaster (Elf:3)
  A tentacled monstrosity (Vaults:4)
  Asterion (Spider:2)
  12 ancient champions
  Roxanne (D:14)
  Kirke (D:14)
  Ilsuiw (Shoals:4)
  6 revenants
  The ghost of namelastname112 the Lord of Darkness, a journeyman DrWn of Kikubaaqudgha (Elf:2)
  2 frost giants
  A fire giant (Vaults:3)
  Aizul (Vaults:1)
  Louise (Shoals:2)
  4 emperor scorpions (Spider:4)
  14 vault wardens
  A deep elf sorcerer (Vaults:3)
  An orc warlord (Orc:1)
  3 ghost moths (Spider:4)
  A ghoul (Crypt:1)
  3 curse skulls
  2 reapers
  A deep elf elementalist (Elf:2)
  10 very ugly things
  19 ironheart preservers
  7 stone giants
  3 entropy weavers
  A deep elf demonologist (Vaults:3)
  6 vampire knights
  2 deep elf annihilators
  Azrael (Elf:1)
  4 spark wasps
  4 deep elf death magi
  2 ettins (Vaults:2)
  A minotaur (Lab)
  19 jiangshi
  3 merfolk javelineers (Shoals:4)
  5 eidola
  6 yaktaur captains
  4 great orbs of eyes
  8 merfolk impalers
  A small abomination (Vaults:2)
  5 vault guards
  6 hydras
  An ice dragon (Vaults:4)
  Erica (D:9)
  6 centaur warriors
  4 death knights
  5 merfolk avatars
  A two-headed ogre (shapeshifter) (Vaults:2)
  2 alligator snapping turtles
  19 two-headed ogres
  A catoblepas (Lair:4)
  19 dancing weapons
  10 ogre magi
  A satyr (Shoals:4)
  8 merfolk aquamancers
  5 death yaks
  A tengu warrior (D:15)
  5 hell knights
  2 deep troll earth magi
  Urug (D:15)
  12 vampire magi
  A shock serpent (shapeshifter) (Vaults:1)
  18 deep elf knights
  A soul eater (Crypt:2)
  4 shadow wraiths
  37 skeletal warriors
  2 unseen horrors
  2 golden dragon zombies (Crypt:3)
  4 flayed ghosts
  7 sea snakes
  A spark wasp zombie (Crypt:1)
  11 deep trolls
  2 storm dragon skeletons
  11 wizards
  12 ironbrand convokers
  Pikel (D:7)
  25 harpies
  9 deep elf archers
  6 necromancers
  The ghost of TotoDurand the Thaumaturge, a novice DENe of Kikubaaqudgha (D:8)
  18 orb spiders
  A harpy (shapeshifter) (Elf:1)
  17 orc knights
  An iron dragon zombie (Crypt:3)
  8 phantasmal warriors
  A fire giant zombie (Crypt:3)
  46 deep elf magi
  6 orc sorcerers
  23 ugly things
  39 wolf spiders
  6 fauns
  A frost giant zombie (Vaults:3)
  17 cyclopes
  17 manticores
  6 black mambas
  Maurice (Orc:1)
  A stone giant skeleton (Vaults:2)
  3 torpor snails
  13 vault sentinels
  9 water nymphs
  9 merfolk sirens
  A titan simulacrum (Crypt:1)
  3 moths of wrath
  A naga mage (D:15)
  4 elephants (Lair:6)
  A gargoyle (Lab)
  A centaur zombie (D:11)
  A frost giant skeleton (Crypt:1)
  An ice statue (IceCv)
  A red draconian zombie (Crypt:2)
  25 spiny frogs
  A smoke demon (Volcano)
  2 rime drakes (shapeshifter)
  An elephant slug zombie (Crypt:3)
  2 kobold demonologists (D:12)
  An efreet (D:13)
  14 freezing wraiths
  5 komodo dragons
  39 yaktaurs
  14 demonic crawlers
  3 rime drakes
  A tengu conjurer (D:15)
  A troll (shapeshifter) (Vaults:3)
  3 red devils (Volcano)
  A yaktaur skeleton (Vaults:2)
  13 hornets
  A meliai (shapeshifter) (Vaults:4)
  3 meliai (D:14)
  A queen bee (Lair:3)
  6 trolls
  17 polar bears (IceCv)
  Grinder (D:3)
  24 merfolk
  29 blink frogs
  51 jumping spiders
  4 tyrant leeches (Lair:6)
  10 hippogriffs
  2 ettin zombies
  4 wind drakes
  A hippogriff (shapeshifter) (Vaults:1)
  20 slime creatures
  A hydra skeleton (Crypt:1)
  10 snapping turtles
  4 dream sheep (Shoals:3)
  An ice dragon zombie (Crypt:3)
  A guardian serpent zombie (Crypt:1)
  A frost giant simulacrum (Crypt:1)
  A fire giant simulacrum (Vaults:1)
  4 flying skulls (Crypt:3)
  An ice dragon skeleton (Crypt:1)
  65 redbacks
  A stone giant simulacrum (Crypt:3)
  An air elemental (Elf:2)
  Sigmund (D:5)
  A spriggan (shapeshifter) (Vaults:2)
  3 shadows
  25 tarantellas
  An ettin skeleton (Vaults:3)
  A human (D:7)
  A wind drake zombie (Crypt:2)
  11 water elementals
  6 vampires
  38 yaks
  9 wraiths
  9 wyverns
  5 hogs
  A steam dragon (Lair:3)
  8 basilisks
  3 fire elementals
  2 hungry ghosts
  9 vampire mosquitoes
  6 wargs
  Duvessa (D:7)
  A faun zombie (Crypt:1)
  11 porcupines
  A soldier ant (shapeshifter) (Vaults:3)
  An infernal demonspawn zombie (Crypt:3)
  18 water moccasins
  A floating eye (shapeshifter) (Vaults:4)
  3 hell hounds
  A swamp drake (D:11)
  58 orc warriors
  3 ice beasts
  4 black bears
  A slave (D:7)
  An eye of draining (shapeshifter) (Vaults:1)
  3 sky beasts
  33 ogres
  2 phantoms
  5 boggarts (Vaults:2)
  2 necrophages (D:15)
  20 wolves
  A swamp dragon skeleton (Crypt:3)
  17 crocodiles
  A manticore skeleton (Crypt:3)
  34 centaurs
  3 big kobolds
  A yaktaur zombie (Crypt:2)
  26 bullfrogs
  A wyvern zombie (D:13)
  2 elf zombies
  2 earth elementals (Elf:1)
  Dowan (D:7)
  A gnoll sergeant (D:9)
  A queen bee zombie (Crypt:3)
  3 human simulacra
  3 scorpions
  49 killer bees
  4 troll zombies
  An elf simulacrum (Vaults:2)
  A polar bear skeleton (Crypt:3)
  9 wights
  A warg skeleton (Crypt:3)
  8 howler monkeys
  5 electric eels
  4 crimson imps
  A wolf skeleton (Crypt:1)
  4 jellies
  A soldier ant zombie (Crypt:1)
  3 bullfrog zombies
  3 centaur skeletons
  7 hounds
  17 orc wizards
  Crazy Yiuf (D:2)
  A gnoll shaman (D:7)
  21 orc priests
  2 bullfrog skeletons (D:10)
  5 human zombies
  3 iguanas
  4 human skeletons
  8 hell rats (Lair:3)
  A black bear skeleton (Crypt:2)
  16 worker ants
  A crocodile zombie (Crypt:1)
  An ogre zombie (D:15)
  The ghost of p0werm0de the Sneak, a weakling NaAs (D:3)
  A sky beast zombie (Crypt:2)
  A big kobold skeleton (Crypt:3)
  A naga skeleton (Crypt:1)
  A hound skeleton (Crypt:2)
  A howler monkey zombie (D:8)
  A worker ant zombie (D:11)
  7 gnolls
  A howler monkey skeleton (D:9)
  10 adders
  A river rat (Lair:3)
  7 shadow imps
  12 white imps (D:12)
  3 oozes
  An iguana zombie (Crypt:2)
  A halfling skeleton (Crypt:1)
  A worm (D:3)
  A worm (shapeshifter) (Elf:2)
  A barachi skeleton (Crypt:2)
  3 dart slugs
  7 leopard geckos
  122 orcs
  A bat zombie (Crypt:3)
  7 giant cockroaches
  A gnoll zombie (Crypt:2)
  4 goblins
  12 hobgoblins
  6 jackals
  20 kobolds
  2 quokkas
  9 bats
  6 frilled lizards
  A giant cockroach zombie (Crypt:2)
  A jackal skeleton (D:4)
  A leopard gecko skeleton (Crypt:2)
  An orc zombie (D:15)
  7 rats
1946 creatures vanquished.

Vanquished Creatures (collateral kills)
  An ugly thing (D:12)
  A wolf spider (Spider:2)
  A redback (Spider:2)
3 creatures vanquished.

Vanquished Creatures (others)
  A jumping spider (Spider:4)
  A slave (D:7)
  2 ogres
  A howler monkey (D:7)
  An orc wizard (D:7)
  An orc (D:7)
  26 fungi
  41 plants
74 creatures vanquished.

Grand Total: 2023 creatures vanquished

Notes
Turn   | Place    | Note
-------+----------+-------------------------------------------
     0 | D:1      | TabTabO the Demonspawn Gladiator began the quest for the Orb.
     0 | D:1      | Reached XP level 1. HP: 16/16 MP: 1/1
   293 | D:1      | Gained mutation: Your flesh is heat resistant. (rF+) [demonic ancestry]
   293 | D:1      | Reached XP level 2. HP: 13/22 MP: 2/2
  1065 | D:1      | Found a snail-covered altar of Cheibriados.
  1400 | D:1      | Reached XP level 3. HP: 27/27 MP: 3/3
  1450 | D:2      | Found a faded altar of an unknown god.
  1535 | D:2      | Found an opulent altar of Gozag.
  1561 | D:2      | Found a runed door.
  1898 | D:2      | Noticed Crazy Yiuf
  1907 | D:2      | Killed Crazy Yiuf
  1907 | D:2      | Gained mutation: You have large cloven feet. [demonic ancestry]
  1907 | D:2      | Reached XP level 4. HP: 25/34 MP: 4/4
  2292 | D:3      | Found a stormy altar of Qazlal.
  2303 | D:3      | Noticed an earth elemental
  2305 | D:3      | Noticed a water elemental
  2305 | D:3      | Noticed a fire elemental
  2305 | D:3      | Noticed an air elemental
  2313 | D:3      | Reached skill level 1 in Armour
  2478 | D:3      | Noticed p0werm0de's ghost (weakling NaAs)
  2494 | D:3      | Killed p0werm0de's ghost
  2494 | D:3      | Reached XP level 5. HP: 32/39 MP: 5/5
  2525 | D:3      | Found a hide-covered altar of Uskayaw.
  2558 | D:3      | Noticed Grinder
  2567 | D:3      | Killed Grinder
  2567 | D:3      | Reached skill level 5 in Long Blades
  2567 | D:3      | Gained mutation: You have hoof-like feet. [demonic ancestry]
  2567 | D:3      | Reached XP level 6. HP: 20/46 MP: 6/6
  2950 | D:3      | Gained mutation: You regenerate a little health from kills. [demonic ancestry]
  2950 | D:3      | Reached XP level 7. HP: 44/51 MP: 7/7
  3307 | D:4      | Found a sparkling altar of Nemelex Xobeh.
  3686 | D:5      | Entered Level 5 of the Dungeon
  3922 | D:5      | Found a blossoming altar of Fedhas.
  4210 | D:5      | Got an ichor-stained flail
  4211 | D:5      | Identified the +7 flail of Calamity {elec, rElec} (You found it on level 5 of the Dungeon)
  4343 | D:5      | Found a deep blue altar of Sif Muna.
  4347 | D:5      | Found a sacrificial altar of Ru.
  4352 | D:5      | Found a glowing silver altar of Zin.
  4466 | D:5      | Noticed Sigmund
  4472 | D:5      | Killed Sigmund
  4472 | D:5      | Reached skill level 1 in Axes
  4472 | D:5      | Reached XP level 8. HP: 59/59 MP: 8/8
  4744 | D:6      | Found a staircase to the Ecumenical Temple.
  4766 | Temple   | Entered the Ecumenical Temple
  4932 | Temple   | Became a worshipper of Warmaster Okawaru
  4969 | D:6      | Reached skill level 5 in Dodging
  5191 | D:6      | Found a shattered altar of Ashenzari.
  5717 | D:7      | Noticed Pikel
  5731 | D:7      | Killed Pikel
  5731 | D:7      | Reached * piety under Okawaru
  5731 | D:7      | Reached skill level 5 in Fighting
  5731 | D:7      | Reached XP level 9. HP: 59/68 MP: 9/9
  5753 | D:7      | Reached ** piety under Okawaru
  5753 | D:7      | Reached skill level 5 in Armour
  5962 | D:7      | Reached skill level 1 in Maces & Flails
  5988 | D:7      | Found a bloodstained altar of Trog.
  5988 | D:7      | Found an ancient bone altar of Kikubaaqudgha.
  6012 | D:7      | Found a shadowy altar of Dithmenos.
  6030 | D:7      | Reached skill level 2 in Maces & Flails
  6262 | D:7      | Reached skill level 3 in Maces & Flails
  6347 | D:7      | Reached *** piety under Okawaru
  6350 | D:7      | Reached skill level 4 in Maces & Flails
  6360 | D:7      | Gained mutation: You are partially covered in slimy green scales. (AC +2) [demonic ancestry]
  6360 | D:7      | Reached XP level 10. HP: 71/76 MP: 10/10
  6405 | D:7      | Reached skill level 5 in Maces & Flails
  6541 | D:7      | Found Geurut's Book Boutique.
  6574 | D:7      | Noticed Duvessa
  6575 | D:7      | Noticed Dowan
  6582 | D:7      | Killed Duvessa
  6582 | D:7      | Reached **** piety under Okawaru
  6591 | D:7      | Killed Dowan
  6647 | D:7      | Found a shimmering altar of Xom.
  7048 | D:8      | Reached skill level 6 in Maces & Flails
  7245 | D:8      | Noticed TotoDurand's ghost (novice DENe)
  7256 | D:8      | Killed TotoDurand's ghost
  7256 | D:8      | Reached skill level 1 in Invocations
  7287 | D:8      | Noticed a two-headed ogre
  7311 | D:9      | Noticed Erica
  7327 | D:9      | Killed Erica
  7327 | D:9      | Reached ***** piety under Okawaru
  7327 | D:9      | Reached skill level 7 in Maces & Flails
  7619 | D:9      | Found a staircase to the Lair.
  8093 | D:8      | Killed a two-headed ogre
  8093 | D:8      | Reached skill level 8 in Maces & Flails
  8275 | D:8      | Found a burning altar of Makhleb.
  8317 | D:8      | Found a radiant altar of Vehumet.
  8627 | D:8      | Found a hazy altar of Hepliaklqana.
  8688 | D:8      | Gained mutation: You regenerate health from kills. [demonic ancestry]
  8688 | D:8      | Reached XP level 11. HP: 83/83 MP: 13/13
  8882 | D:8      | Noticed a two-headed ogre
  8888 | D:8      | Killed a two-headed ogre
  9026 | D:10     | Entered Level 10 of the Dungeon
  9048 | D:10     | Received a gift from Okawaru
  9249 | D:10     | Found a portal to a secret trove of treasure.
  9273 | D:10     | Got a sparkling granite ring
  9516 | D:10     | Identified the ring "Kisuhumi" {rElec Slay+2} (You found it on level 10 of the Dungeon)
  9837 | D:10     | Reached skill level 9 in Maces & Flails
 10003 | D:10     | Got an ivory great sword {god gift}
 10004 | D:10     | Identified the +4 great sword of Royalism {slice, +Blink rPois rF+ Int+4} (Okawaru gifted it to you on level 10 of the Dungeon)
 10100 | D:11     | Found Qithept's Jewellery Emporium.
 10171 | D:11     | Killed an unseen horror
 10230 | D:11     | Noticed a two-headed ogre
 10239 | D:11     | Killed a two-headed ogre
 10452 | D:11     | Reached skill level 10 in Maces & Flails
 10452 | D:11     | Reached skill level 5 in Invocations
 11024 | D:11     | Found a staircase to the Orcish Mines.
 11178 | Orc:1    | Entered Level 1 of the Orcish Mines
 11181 | Orc:1    | Noticed an orc sorcerer
 11188 | Orc:1    | Noticed an orc warlord
 11190 | Orc:1    | Killed an orc sorcerer
 11190 | Orc:1    | Received a gift from Okawaru
 11198 | Orc:1    | Killed an orc warlord
 11198 | Orc:1    | Reached skill level 11 in Maces & Flails
 11198 | Orc:1    | Gained mutation: You are immune to clouds of flame. [demonic ancestry]
 11198 | Orc:1    | Reached XP level 12. HP: 89/91 MP: 16/16
 11471 | Lair:1   | Entered Level 1 of the Lair of Beasts
 11709 | Lair:1   | Received a gift from Okawaru
 11712 | Lair:1   | Got a pair of distressingly furry boots {god gift}
 11718 | Lair:1   | Identified the +0 pair of boots of the Four of Wands {rElec Stlth+} (Okawaru gifted it to you on level 1 of the Lair of Beasts)
 12066 | Lair:1   | Noticed a seven-headed hydra
 12075 | Lair:1   | Killed a two-headed hydra
 12393 | Lair:1   | Reached skill level 12 in Maces & Flails
 12744 | Lair:2   | Found a hole to the Spider Nest.
 13073 | Lair:2   | Noticed a five-headed hydra
 13083 | Lair:2   | Killed a one-headed hydra
 13311 | Lair:3   | Found a dark tunnel.
 13319 | Volcano  | Entered a volcano
 14002 | Lair:3   | Reached XP level 13. HP: 99/99 MP: 19/19
 14042 | Lair:3   | Reached ****** piety under Okawaru
 14042 | Lair:3   | Reached skill level 13 in Maces & Flails
 14055 | Lair:3   | Received a gift from Okawaru
 15134 | Lair:4   | Identified a scroll of acquirement
 15137 | Lair:4   | Got a pair of smoking boots
 15153 | Lair:4   | Identified the +2 pair of boots "Damnable Contraption" {rF+ SInv} (You acquired it on level 4 of the Lair of Beasts)
 15219 | Lair:4   | Received a gift from Okawaru
 15511 | Lair:4   | Found a staircase to the Shoals.
 16228 | Lair:5   | Reached skill level 14 in Maces & Flails
 16690 | Lair:6   | Entered Level 6 of the Lair of Beasts
 16948 | Lair:6   | Received a gift from Okawaru
 17098 | Lair:6   | Gained mutation: You have hooves in place of feet. [demonic ancestry]
 17098 | Lair:6   | Reached XP level 14. HP: 109/109 MP: 21/21
 17437 | Lair:6   | Reached skill level 10 in Fighting
 17504 | Lair:6   | Found a runed door.
 17537 | Lair:6   | Found a viscous altar of Jiyva.
 17537 | Lair:6   | Found a staircase to the Slime Pits.
 17839 | Lair:6   | Got a warped copper ring
 17842 | Lair:6   | Identified the Grimoire of Gliding Curses
 17883 | Lair:6   | Identified the ring "Orerex" {Ice rPois rN+ Str+4} (You found it on level 6 of the Lair of Beasts)
 18404 | Lair:6   | Received a gift from Okawaru
 18751 | Lair:2   | Reached skill level 10 in Armour
 18903 | D:7      | Bought the Papyrus of Feathers for 1060 gold pieces
 19024 | D:10     | Learned a level 9 spell: Tornado
 19024 | D:10     | You paid a toll of the Papyrus of Feathers to enter a treasure trove
 19025 | Trove    | Entered a treasure trove
 19036 | Trove    | Got a clouded brass amulet
 19039 | Trove    | Got a warped brass ring
 19041 | Trove    | Got a slimy tin amulet
 19043 | Trove    | Got an ancient bronze ring
 19049 | Trove    | Got a scorched tin ring
 19051 | Trove    | Got a bound ivory ring
 19055 | Trove    | Got a scorched pewter ring
 19074 | D:10     | Identified the amulet of Ybolleno {RegenMP rPois Dex+2 Slay+2} (You found it in a treasure trove)
 19076 | D:10     | Identified the ring "Xexoz" {Int+5 Dex+4} (You found it in a treasure trove)
 19078 | D:10     | Identified the ring of Ylosooph {+Fly rF- rC+ Stlth-} (You found it in a treasure trove)
 19080 | D:10     | Identified the ring of Disaster {*Contam rF++ Str+3} (You found it in a treasure trove)
 19082 | D:10     | Identified the amulet "Ukohiuca" {Faith *Slow rC+ rN+ Int+4} (You found it in a treasure trove)
 19084 | D:10     | Identified the ring of Qempidwa {rF++ AC+5} (You found it in a treasure trove)
 19168 | D:10     | Identified the ring "Faicor" {rCorr rF+ rC- rN+++ MR+} (You found it in a treasure trove)
 19248 | Orc:2    | Entered Level 2 of the Orcish Mines
 19262 | Orc:2    | Noticed a stone giant
 19268 | Orc:2    | Found a staircase to the Elven Halls.
 19278 | Orc:2    | Killed a stone giant
 19407 | Orc:2    | Reached skill level 15 in Maces & Flails
 19615 | Orc:1    | Noticed Maurice
 19627 | Orc:1    | Killed Maurice
 20153 | Orc:2    | Found Plog's Gadget Shop.
 20153 | Orc:2    | Found Eblerij's Antique Weapon Emporium.
 20155 | Orc:2    | Found Ijiomiof's Book Shoppe.
 20157 | Orc:2    | Found Ykked's Book Boutique.
 20172 | Orc:2    | Bought a bloodstained hand crossbow for 221 gold pieces
 20721 | D:12     | Found a frozen archway.
 20777 | IceCv    | Entered an ice cave
 20938 | IceCv    | Identified the Almanac of Nocuous Dislocation
 21218 | IceCv    | Noticed a frost giant
 21235 | IceCv    | Received a gift from Okawaru
 21235 | IceCv    | Reached XP level 15. HP: 112/119 MP: 19/22
 21255 | IceCv    | Killed a frost giant
 21289 | IceCv    | Identified the Collected Works on Spatial Heat
 22592 | D:13     | Noticed Rupert
 22600 | D:13     | Killed Rupert
 22600 | D:13     | Reached skill level 16 in Maces & Flails
 22680 | D:13     | Found a gate to the Vaults.
 22807 | D:13     | Found a labyrinth entrance.
 22821 | Lab      | Entered a labyrinth
 23348 | Lab      | Got a warped helmet
 23359 | Lab      | Identified the +0 helmet of Complete Protection {Dex+2} (You found it in a labyrinth)
 23882 | D:14     | Noticed Kirke
 23892 | D:14     | Killed Kirke
 24057 | D:14     | Received a gift from Okawaru
 24099 | D:14     | Reached skill level 1 in Shields
 24434 | D:14     | Noticed Roxanne
 24464 | D:14     | Killed Roxanne
 24465 | D:14     | Identified Roxanne's Compendium of Shape Shifting (You took it off Roxanne on level 14 of the Dungeon)
 25064 | D:15     | Entered Level 15 of the Dungeon
 25074 | D:15     | Found Buall's Weapon Boutique.
 25083 | D:15     | Identified the +9 hand crossbow of Vadeploh {venom, rF+ rN+ Int+2 Dex-5} (You bought it in a shop on level 2 of the Orcish Mines)
 25100 | D:15     | Found Fiuru's General Store.
 25119 | D:15     | Bought a scroll of identify for 30 gold pieces
 25119 | D:15     | Bought a potion of curing for 45 gold pieces
 25300 | D:15     | Found Ykokh's Armour Emporium.
 25334 | D:15     | Found Ejuffai's Armour Boutique.
 25341 | D:15     | Bought a scarf of resistance for 512 gold pieces
 25386 | D:15     | Reached skill level 5 in Shields
 25437 | D:15     | Noticed Urug
 25449 | D:15     | Killed Urug
 25516 | D:15     | Found a basalt altar of Yredelemnul.
 25683 | D:15     | Found a staircase to the Depths.
 25883 | Spider:1 | Entered Level 1 of the Spider Nest
 26036 | Spider:1 | Gained mutation: Your magical and physical power is slightly enhanced at high health. [demonic ancestry]
 26036 | Spider:1 | Reached XP level 16. HP: 114/128 MP: 23/23
 26836 | Spider:2 | Received a gift from Okawaru
 27440 | Spider:2 | Reached skill level 10 in Shields
 28066 | Spider:3 | Noticed Asterion
 28095 | Spider:3 | Noticed an Executioner
 28102 | Spider:3 | Received a gift from Okawaru
 28115 | Spider:2 | Killed Asterion
 28678 | Spider:4 | Entered Level 4 of the Spider Nest
 28724 | Spider:4 | Received a gift from Okawaru
 29700 | Spider:4 | Reached XP level 17. HP: 133/134 MP: 24/24
 30173 | Spider:4 | Received a gift from Okawaru
 30370 | Spider:4 | Got a gossamer rune of Zot
 30699 | Shoals:1 | Entered Level 1 of the Shoals
 31053 | Shoals:1 | Received a gift from Okawaru
 31223 | Shoals:1 | Found Gusm's Antique Weapon Shoppe.
 31456 | Shoals:2 | Noticed Louise
 31468 | Shoals:2 | Killed Louise
 31765 | Shoals:2 | Reached skill level 15 in Shields
 32928 | Shoals:4 | Entered Level 4 of the Shoals
 33016 | Shoals:4 | Identified the Catalogue of Spatial Combat Magic
 33150 | Shoals:4 | Reached XP level 18. HP: 141/141 MP: 25/25
 33406 | Shoals:4 | Received a gift from Okawaru
 33409 | Shoals:4 | Got a distressingly furry hat {god gift}
 33420 | Shoals:4 | Identified the +0 hat of True Grit {rElec Int+5} (Okawaru gifted it to you on level 4 of the Shoals)
 33502 | Shoals:4 | Noticed Ilsuiw
 33971 | Shoals:4 | Killed Ilsuiw
 34337 | Shoals:4 | Got a barnacled rune of Zot
 34354 | Shoals:4 | Reached skill level 17 in Maces & Flails
 34821 | Vaults:1 | Entered Level 1 of the Vaults
 35025 | Vaults:1 | Got an encrusted ring mail
 35026 | Vaults:1 | Identified the +2 ring mail of Pride {-Cast rF++ rC++} (You found it on level 1 of the Vaults)
 35128 | Vaults:1 | Noticed Aizul
 35165 | Vaults:1 | Killed Aizul
 35534 | Vaults:1 | Received a gift from Okawaru
 35565 | Vaults:1 | Got an encrusted hand crossbow {god gift}
 35566 | Vaults:1 | Identified the +1 hand crossbow of Eharoedy {venom, rElec Int+3 Dex-5 Stlth+} (Okawaru gifted it to you on level 1 of the Vaults)
 35911 | Vaults:1 | Paralysed by a great orb of eyes for 2 turns
 36627 | Vaults:2 | Received a gift from Okawaru
 36729 | Vaults:2 | Gained mutation: You are mostly covered in slimy green scales. (AC +3) [demonic ancestry]
 36729 | Vaults:2 | Reached XP level 19. HP: 150/150 MP: 26/26
 36933 | Vaults:2 | Found a staircase to the Crypt.
 37114 | Vaults:2 | Received a gift from Okawaru
 37286 | Vaults:2 | Reached skill level 18 in Maces & Flails
 37294 | Vaults:2 | Received a gift from Okawaru
 37307 | Vaults:2 | Got a slimy morningstar {god gift}
 37308 | Vaults:2 | Identified the +3 morningstar of Reen {antimagic, rC+ MP+9 SInv} (Okawaru gifted it to you on level 2 of the Vaults)
 37737 | Vaults:2 | Found a hide-covered altar of Uskayaw.
 38079 | Vaults:2 | Received a gift from Okawaru
 38109 | Vaults:2 | Got an uncursed scorched broad axe {pain}
 38110 | Vaults:2 | Identified the +6 broad axe of Propriety {pain, *Contam rElec MP+9} (You took it off a vault sentinel on level 2 of the Vaults)
 38289 | Vaults:3 | Received a gift from Okawaru
 38357 | Vaults:3 | Noticed Jory
 38372 | Vaults:3 | HP: 7/153 [Jory/crystal spear (66)]
 38384 | Vaults:3 | Killed Jory
 38560 | Vaults:3 | Reached XP level 20. HP: 142/160 MP: 27/27
 38881 | Vaults:3 | Found Cyhuare's Antique Armour Boutique.
 38889 | Vaults:3 | Bought an embroidered scarf for 328 gold pieces
 39025 | Vaults:3 | Received a gift from Okawaru
 39027 | Vaults:3 | Reached skill level 19 in Maces & Flails
 39070 | Vaults:3 | Got a slimy flail {god gift}
 39071 | Vaults:3 | Identified the +3 flail of the Ass {speed, rPois Stlth+} (Okawaru gifted it to you on level 3 of the Vaults)
 39132 | Vaults:3 | Got a translucent ring mail
 39133 | Vaults:3 | Identified the +4 ring mail of Winter {*Drain rCorr Int+5} (You found it on level 3 of the Vaults)
 39440 | Vaults:3 | Noticed Margery
 39448 | Vaults:3 | Killed Margery
 39712 | Vaults:3 | Reached skill level 15 in Fighting
 39734 | Vaults:4 | Received a gift from Okawaru
 40502 | Vaults:4 | Paralysed by a hornet for 3 turns
 40554 | Vaults:4 | Received a gift from Okawaru
 40597 | Vaults:4 | Reached XP level 21. HP: 78/169 MP: 28/28
 40724 | Vaults:4 | Noticed a caustic shrike
 40724 | Vaults:4 | Noticed a golden dragon
 40724 | Vaults:4 | a caustic shrike changed into a golden dragon
 40727 | Vaults:4 | a golden dragon changed into an iron giant
 40991 | Vaults:4 | Got a polished scimitar {god gift}
 40992 | Vaults:4 | Identified the +8 scimitar of Annoyance {flame, +Blink +Rage Str-2} (Okawaru gifted it to you on level 4 of the Vaults)
 41117 | Crypt:1  | Entered Level 1 of the Crypt
 41200 | Crypt:1  | Reached skill level 20 in Maces & Flails
 41217 | Crypt:1  | Received a gift from Okawaru
 41482 | Crypt:1  | Received a gift from Okawaru
 42245 | Crypt:2  | Learned a level 8 spell: Controlled Blink
 43054 | Crypt:3  | Entered Level 3 of the Crypt
 43200 | Crypt:3  | Received a gift from Okawaru
 43719 | Crypt:3  | Found a staircase to the Tomb.
 43755 | Crypt:3  | Gained mutation: You regenerate a lot of health from kills. [demonic ancestry]
 43755 | Crypt:3  | Reached XP level 22. HP: 132/179 MP: 29/29
 43899 | Crypt:3  | Received a gift from Okawaru
 44173 | Crypt:3  | Reached skill level 21 in Maces & Flails
 44268 | Crypt:3  | Found an ancient bone altar of Kikubaaqudgha.
 44346 | Crypt:3  | Found a basalt altar of Yredelemnul.
 44368 | Crypt:3  | Noticed a curse toe
 44388 | Crypt:3  | Killed a curse toe
 44408 | Crypt:3  | Found an ancient bone altar of Kikubaaqudgha.
 44420 | Crypt:3  | Identified the Papyrus of Sinister Rites
 44477 | Crypt:3  | Identified the Almanac of Evil Secrets and Poisoning
 44491 | Crypt:3  | Got a steaming zirconium amulet
 44492 | Crypt:3  | Identified the amulet of Layxzem {Regen+ Dex+4} (You acquired it on level 3 of the Crypt)
 44841 | Elf:1    | Entered Level 1 of the Elven Halls
 44938 | Elf:1    | Noticed Azrael
 44952 | Elf:1    | Killed Azrael
 44977 | Elf:1    | Received a gift from Okawaru
 45453 | Elf:2    | Noticed namelastname112's ghost (journeyman DrWn)
 45463 | Elf:2    | Killed namelastname112's ghost
 45551 | Elf:2    | Found Leskaunn's Antique Weapon Emporium.
 45751 | Elf:2    | Found a runed gate.
 45751 | Elf:2    | Found a runed gate.
 45752 | Elf:2    | Found a runed gate.
 46287 | Elf:2    | Noticed Nikola
 46306 | Elf:2    | Killed Nikola
 46448 | Elf:3    | Entered Level 3 of the Elven Halls
 46455 | Elf:3    | Found Zarag's Antique Weapon Shoppe.
 46659 | Elf:3    | Killed from afar by a Brimstone Fiend

Vault maps used:
D:1:      dpeg_arrival_castle, serial_forest, infiniplex_forest_clump_small,
          infiniplex_forest_corner_1, infiniplex_forest_lined_corner,
          infiniplex_forest_straight_5, infiniplex_forest_clump_diagonal,
          infiniplex_forest_clump_small, infiniplex_forest_clump_small,
          infiniplex_forest_clump_medium, infiniplex_forest_straight_3,
          serial_bayou_pond_e, cheibriados_altar_1
D:2:      nicolae_gozag_cash_rules_everything_around_me, first_bread,
          chequers_ecumenical_altar_simple, uniq_crazy_yiuf_cottage
D:3:      nicolae_qazlal_style_of_elements, lemuel_doored_altar, uniq_grinder
D:4:      lemuel_round_altar
D:5:      fedhas_altar_2, minmay_overflow_temple_star_quad, uniq_sigmund
D:6:      cheibrodos_ashenzari_chains, minmay_temple_entry_statues_pillars
D:7:      old_standard_altar, gammafunk_temple_overflow_forgotten, serial_shops,
          kennysheep_little_box, grunt_livestock, uniq_duvessa, uniq_pikel
D:8:      lemuel_round_altar, nicolae_overflow_crystal_walls,
          kennysheep_mini_moat, grunt_decor_resistance
D:9:      lair_entry_dummy, uniq_erica
D:10:     nicolae_trove_entry_crystal, lemuel_another_geyser
D:11:     erik_orc_1, serial_shops, nicolae_shop_stone, nicolae_two_hexagons
D:12:     special_room, portal_ice_cave_entry_imps, minmay_misc_feat_room,
          st_stairs_1
D:13:     minmay_wizard_corner, erik_vaults_1, lab_entry_generic, uniq_rupert
D:14:     serial_park_square1, uniq_kirke, uniq_roxanne
D:15:     grunt_enter_depths_magical_seal, lemuel_mausoleum_altar_yredelemnul,
          serial_shops, shop_statue, shop_fountains, nicolae_shop_stone,
          shop_coins, uniq_urug
Temple:   corrupted_temple
Lair:1:   serial_bayou_shore_b, minmay_lair_oklob_chamber
Lair:2:   spider_nest_entry_funnel_web
Lair:3:   regret_index_tunnel_blossom, lightli_volcano_entry_magma_tube
Lair:4:   elwin_shoals_entry_rocks, beast_lair_carwin_8, grunt_megastairs_5
Lair:5:   serial_bayou_pond_c, lookout_lair_type
Lair:6:   minmay_lair_end_frog_pond, slime_altar_2, lemuel_fruit_tree
Shoals:1: serial_shops, shop, st_cyclops
Shoals:2: uniq_louise
Shoals:4: shoals_end_grunt_ice, shoal_ilsuiw
Spider:2: nicolae_spider_cling_halls
Spider:3: uniq_asterion
Spider:4: spider_rune_water
Orc:1:    uniq_maurice
Orc:2:    st_orc_rangers
Elf:1:    evilmike_minifort, uniq_azrael
Elf:2:    serial_shops, nicolae_shop_crystal, minivault_24, uniq_nikola
Elf:3:    elf_hall, serial_shops, shop, shop
Vaults:1: v_alt_pattern_5, nicolae_vaults_circle_grid_a, vaults_room_fours,
          vaults_dpeg_spiral, hangedman_vaults_trim, grunt_vaults_twisty,
          vaults_dpeg_hooks, ontoclasm_vaults_chip, uniq_aizul
Vaults:2: hangedman_vaults_pinch, v_alt_pattern_4,
          vaults_standard_mumra_enter_the_diamond, v_misc_14, v_alt_pattern_2,
          st_octagons_2, minmay_crypt_entry_vampire_xt,
          vaults_mumra_minichess_inversion, vaults_mumra_lcd,
          ontoclasm_vaults_ring_square, vaults_dpeg_encased_lava,
          nicolae_vaults_theta, v_misc_28, vaults_room_pool, basic_altar
Vaults:3: dpeg_vaults_monster_row, ontoclasm_vaults_loading_screen,
          nicolae_vaults_theta, grunt_vaults_bifocal, v_misc_33,
          nicolae_vaults_alarming, vaults_room_door_ring,
          ontoclasm_vaults_tryst, ontoclasm_vaults_loading_screen,
          vaults_room_fancy_cross, vaults_mumra_hex, serial_shops, shop,
          uniq_jory, uniq_margery
Vaults:4: hangedman_vaults_stream, nicolae_vaults_shelves_hall,
          hangedman_vaults_corner_blocks, v_misc_18, st_lines,
          nicolae_vaults_little_squares_4, hangedman_vaults_variations,
          v_alt_pattern_6, nicolae_vaults_rhombus_6, v_misc_16
Crypt:2:  roderic_lattice_octagonal_star, grunt_megastairs_3
Crypt:3:  lightli_unholy_cathedral, basic_altar
Lab:      labyrinth_spiral, nicolae_lab_very_dead_end, lab_statue,
          nicolae_lab_arrow, nicolae_lab_statue, nicolae_lab_grate_2
Trove:    trove_jewel_2
IceCv:    ice_cave_caverns_03
Volcano:  volcano_pools

Skill      XL: |  1  2  3  4  5  6  7  8  9 10 11 12 13 14 15 16 17 18 19 20 21 22 |
---------------+-------------------------------------------------------------------+-----
Long Blades    | 3 4 5 6 7 |  7.3
Dodging        | 3 4 5 6 7 |  7.5
Armour         | 1 2 4 5 6 7 9 10 11 12 13 14 | 14.1
Fighting       | 3 5 6 7 8 9 11 12 13 14 15 16 17 | 17.0
Axes           | 1 2 |  2.9
Maces & Flails | 4 8 11 12 14 15 16 17 18 19 20 21 | 21.4
Invocations    | 3 6 8 9 |  9.4
Shields        | 6 12 15 16 17 18 19 | 19.2
Throwing       | |  1.8

Action                   |  1- 3 |  4- 6 |  7- 9 | 10-12 | 13-15 | 16-18 | 19-21 | 22-24 || total
-------------------------+-------+-------+-------+-------+-------+-------+-------+-------++-------
Melee: Long sword        |   116 |   101 |    92 |       |       |       |       |       ||   309
       Kick              |       |    44 |    75 |   134 |   402 |   721 |   892 |   250 ||  2518
       Flail             |       |       |   182 |   556 |  1486 |   270 |       |       ||  2494
       Scimitar          |       |       |       |     9 |    25 |       |       |       ||    34
       Punch             |       |       |       |       |     5 |       |       |       ||     5
       Demon whip        |       |       |       |       |       |  1380 |  1663 |   501 ||  3544
Invok: Heroism           |       |       |       |     7 |     8 |     5 |     4 |     1 ||    25
       Finesse           |       |       |       |       |       |       |     2 |     2 ||     4
Evoke: Wand              |       |       |     2 |     3 |    11 |       |     2 |       ||    18
       Phantom mirror    |       |       |       |       |     1 |     1 |       |       ||     2
       Box of beasts     |       |       |       |       |     1 |       |       |       ||     1
       Sack of spiders   |       |       |       |       |       |       |     1 |       ||     1
  Use: Potion            |     4 |     2 |     2 |    12 |    10 |     7 |    10 |     7 ||    54
       Scroll            |     1 |       |     7 |    19 |    11 |    11 |    15 |     9 ||    73
 Stab: Invisible         |       |       |       |     2 |       |       |       |       ||     2
       Petrified         |       |       |       |       |     2 |       |       |       ||     2
       Sleeping          |       |       |       |       |       |       |       |     1 ||     1
  Eat: Chunk             |     3 |     3 |     8 |    13 |    10 |     5 |     4 |       ||    46
       Bread ration      |       |       |     1 |     2 |     7 |     7 |     4 |     2 ||    23
       Royal jelly       |       |       |       |     1 |     1 |       |       |       ||     2
       Fruit             |       |       |       |       |     1 |       |       |       ||     1
Armor: Leather armour    |    10 |       |       |       |       |       |       |       ||    10
       Ring mail         |    20 |    54 |    53 |       |       |       |       |       ||   127
       Skin              |       |       |    83 |       |       |       |       |       ||    83
       Plate armour      |       |       |    72 |   362 |   984 |   662 |   419 |   139 ||  2638
Dodge: Dodged            |    78 |    92 |   155 |   278 |   751 |   456 |   264 |    81 ||  2155
Block: Shield            |       |       |       |       |   100 |  1303 |  1046 |   292 ||  2741
       Rpst.: Long sword |    23 |    32 |    19 |       |       |       |       |       ||    74
       Scimitar          |       |       |       |     2 |     5 |       |       |       ||     7
